 Dungeon Crawl Stone Soup version 0.31.0-11-ge490571c62 (webtiles) character file.

Game seed: 10430704972118010118

70 Flugkiller the Trooper (level 4, 41/41 HPs)
             Began as a Minotaur Fighter on Jan 28, 2024.
             Was an Initiate of Ashenzari.
             Quit the game on level 2 of the Dungeon.
             The game lasted 00:00:31 (810 turns).

Flugkiller the Trooper (Minotaur Fighter)            Turns: 810, Time: 00:00:32

Health: 41/41      AC:  7    Str: 22    XL:     4   Next: 3%
Magic:  3/3        EV:  9    Int:  5    God:    Ashenzari [......]
Gold:   126        SH:  4    Dex: 10    Spells: 3/3 levels left

rFire   . . .        a - +0 war axe
rCold   . . .        c - +0 buckler
rNeg    . . .        b - +0 scale mail
rPois   .            (helmet restricted)
rElec   .            (no cloak)
rCorr   .            (no gloves)
SInv    .            (no boots)
Will    .....        (no amulet) Stlth
                     (no ring)
HPRegen 0.26/turn    (no ring)
MPRegen 0.08/turn

%: no passive effects
@: no status effects
A: horns 2, retaliatory headbutt
a: Renounce Religion


You were on level 2 of the Dungeon.
You worshipped Ashenzari.
Ashenzari was noncommittal.
You visited 1 branch of the dungeon, and saw 2 of its levels.

You collected 126 gold pieces.

Inventory:

Hand Weapons
 a - a +0 war axe (weapon)
Armour
 b - a +0 scale mail (worn)
 c - a +0 buckler (worn)
Scrolls
 e - a scroll of vulnerability {unknown}
 f - a scroll of enchant weapon {unknown}
 g - 2 scrolls of identify {unknown}
 h - a scroll of teleportation {unknown}
 i - 2 scrolls of enchant armour {unknown}
 j - a scroll of blinking {unknown}
Potions
 d - a potion of might


   Skills:
 * Level 4.5 Fighting
 * Level 3.6 Axes
 + Level 4.0 Armour
 + Level 4.1 Shields


You had 3 spell levels left.
You didn't know any spells.
Your spell library contained the following spells:

 Spells                   Type           Power      Damage    Failure   Level
 Magic Dart               Conj           0%         1d3       86%         1
 Searing Ray              Conj           0%         2d4       94%         2
 Fulminant Prism          Conj/Alch      0%         3d5       100%        4
 Olgreb's Toxic Radiance  Alch           0%         N/A       100%        4
 Ozocubu's Refrigeration  Ice            0%         4d7       100%        7
 Discord                  Hex            0%         N/A       100%        8


Dungeon Overview and Level Annotations

Branches:
Dungeon (2/15)

Altars:
Ashenzari


Innate Abilities, Weirdness & Mutations

You have a pair of horns on your head.
You reflexively headbutt those who attack you in melee.


Message History

Found a stone staircase leading down.
An adder comes into view.
An adder is nearby!
An adder is nearby!
You miss the adder. Your headbutt misses the adder. The adder misses you.
You block the adder's attack.
You miss the adder. The adder bites you.
You slash the adder! Your headbutt misses the adder.
The adder is almost dead.
You block the adder's attack. The adder bites you but does no damage.
You closely miss the adder.
The adder is almost dead.
You block the adder's attack. The adder bites you but does no damage.
You closely miss the adder. Your headbutt misses the adder.
The adder is almost dead.
The adder barely misses you.
An adder is nearby!
You closely miss the adder.
The adder is almost dead.
You block the adder's attack. The adder barely misses you.
An adder is nearby!
You barely miss the adder.
The adder is almost dead.
The adder bites you but does no damage. x2
An adder is nearby!
You slash the adder!
You kill the adder!
j - a scroll labelled EKIEHOKKUZAE No target in view!
i - 2 scrolls labelled LECOUGGUTENT (gained 1)
A quokka comes into view.
Found 14 gold pieces.
A quokka is nearby!
A quokka is nearby!
No target in view!
No target in view!
No target in view!
No target in view!
No target in view!
An adder comes into view.
You closely miss the quokka. You hit the plant but do no damage.
The quokka bites you but does no damage.
The adder bites the plant.
The plant begins to die.
There are monsters nearby!
You barely miss the quokka. You slash the plant! You block the quokka's attack.
The adder bites the plant.
The quokka closely misses you.
The adder bites the plant.
You hit the quokka but do no damage. Your headbutt misses the quokka.
You slash the plant!
The adder bites the plant.
The quokka bites you. You block the quokka's attack.
The adder bites the plant.
You miss the quokka. You headbutt the quokka.
You kill the quokka!
You hit the plant. You closely miss the adder.
You hit the plant but do no damage.
A nearby plant withers and dies.
The adder barely misses you. The adder closely misses you.
You miss the adder. The adder barely misses you. You furiously retaliate!
You headbutt the adder. The adder bites you but does no damage.
You hit the adder but do no damage. Your headbutt misses the adder.
The adder is lightly wounded.
You block the adder's attack. The adder bites you.
You are poisoned.
The adder poisons you!
You barely miss the adder. Your headbutt misses the adder.
The adder is lightly wounded.
You feel sick. You block the adder's attack.
You slash the adder!
You kill the adder!
You feel sick.
You have reached level 4!
You feel agile.
You feel sick.
You feel sick.
You are no longer poisoned.
You now have 126 gold pieces (gained 14).
A frilled lizard comes into view.
The frilled lizard hisses angrily.
A frilled lizard is nearby!
A frilled lizard is nearby!
Unknown command.
A frilled lizard is nearby!
Found a faded altar of an unknown god.
The frilled lizard bites you but does no damage.
The frilled lizard barely misses you.
You barely miss the frilled lizard.
Your headbutt misses the frilled lizard.
You slash the plant!
The plant begins to die.
The frilled lizard bites you.
You hit the frilled lizard.
You kill the frilled lizard!
You slash the plant!
No target in view!
A nearby plant withers and dies.
There is a faded altar of an unknown god here.
This altar belongs to (a) Trog, (b) Jiyva or (c) Ashenzari, but you can't tell which.
Press the corresponding letter to learn more about a god, or press enter to convert or escape to cancel.
Okay, then.
This altar belongs to (a) Trog, (b) Jiyva or (c) Ashenzari, but you can't tell which.
Press the corresponding letter to learn more about a god, or press enter to convert or escape to cancel.
Ashenzari accepts your prayer! Ashenzari welcomes you!
Ashenzari warns you of distant threats and treasures.
Ashenzari shows you where magical portals lie.
Are you sure you want to abandon this character and quit the game? (Confirm with "yes".)

... +....+...... [#
#........... .#
....P.PPP.. .# .........#
.##. ###..PPPP# ....
#.....P..# .... ...
#...⌠....# #####'##.####
###.P⌠...#
.......#.....###@.PP..†.#
.......#. #.#.P###......#
.......#.##...PP..####..#
.......#........~.....###
..#.........#...........#
............#..#......###
).............>#......#
#.###.#.###....#......#
......#.....#.##......#


There were no monsters in sight!

Vanquished Creatures
  4 adders (D:2)
  A dart slug (D:1)
  A bat (D:1)
  3 endoplasms (D:1)
  A goblin (D:2)
  3 hobgoblins (D:1)
  2 jackals (D:2)
  5 kobolds
  A quokka (D:2)
  3 ball pythons
  2 frilled lizards
  5 rats
31 creatures vanquished.

Notes
Turn   | Place    | Note
-------+----------+-------------------------------------------
     0 | D:1      | Flugkiller the Minotaur Fighter began the quest for the
                  | Orb.
     0 | D:1      | Reached XP level 1. HP: 19/19 MP: 0/0
    53 | D:1      | Reached XP level 2. HP: 27/27 MP: 1/1
   540 | D:2      | Reached XP level 3. HP: 29/33 MP: 2/2
   757 | D:2      | Reached XP level 4. HP: 34/41 MP: 3/3
   797 | D:2      | Found a faded altar of an unknown god.
   809 | D:2      | Prayed at the altar of an unknown god.
   809 | D:2      | Became a worshipper of Ashenzari the Shackled
   810 | D:2      | Quit the game

Illustrated notes

Levels and vault maps discovered:
D:1:      minmay_arrival_radiant_lines, layout_rooms
D:2:      layout_basic, shapermc_ecumenical_altar_mp_ritualfount

Skill      XL: |  1  2  3 |
---------------+----------+-----
Fighting       | 4 |  4.5
Axes           | 3 |  3.6
Shields        | 4 |  4.1
Armour         | 4 |  4.0

Action                     |  1- 3 |  4- 6 || total
---------------------------+-------+-------++-------
  Melee: War axe           |    75 |     2 ||    77
         Headbutt          |     8 |       ||     8
 Armour: Scale mail        |    51 |     2 ||    53
  Dodge: Dodged            |    39 |     1 ||    40
  Block: Buckler           |    19 |       ||    19
